 Dungeon Crawl Stone Soup version 0.21.0-3-g78d12a8 (webtiles) character file.

93 MDvedh the Poker (level 4, 0/35 HPs)
             Began as a Human Chaos Knight on Jan 8, 2018.
             Slain by an adder (2 damage)
             ... on level 3 of the Dungeon.
             The game lasted 00:02:13 (1485 turns).

MDvedh the Poker (Human Chaos Knight)               Turns: 1485, Time: 00:02:14

Health: 0/35       AC:  5    Str: 13    XL:     4   Next: 92%
Magic:  4/4        EV: 11    Int: 18    God:    Xom [..*...]
Gold:   103        SH:  0    Dex: 12    Spells: 3/3 levels left

rFire    + . .     SeeInvis .   a - +0 spear (chaos)
rCold    + . .     Gourm    .   (no shield)
rNeg     . . .     Faith    .   b - +2 leather armour
rPois    +         Spirit   .   (no helmet)
rElec    +         Reflect  .   (no cloak)
rCorr    +         Harm     .   (no gloves)
MR       .....                  (no boots)
Stlth    +.........             (no amulet)
HPRegen  0.11/turn              (no ring)
MPRegen  0.09/turn              (no ring)

@: brilliant, resistant
A: no striking features
a: Renounce Religion


You were on level 3 of the Dungeon.
You worshipped Xom.
You were a toy of Xom.
You were hungry.

You visited 1 branch of the dungeon, and saw 3 of its levels.

You collected 103 gold pieces.

Inventory:

Hand Weapons
 a - a +0 spear of chaos (weapon)
Armour
 b - a +2 leather armour (worn)
 i - a +0 ring mail
Jewellery
 e - an uncursed ring of poison resistance {unknown}
Wands
 m - a wand of digging (9)
Scrolls
 d - a scroll of enchant armour {unknown}
 f - 6 scrolls of identify {unknown}
 g - 2 scrolls of fear {unknown}
 k - 2 scrolls of teleportation {unknown}
 l - a scroll of magic mapping {unknown}
 o - a scroll of random uselessness {unknown}
Comestibles
 c - 8 rations


   Skills:
 - Level 3.0 Fighting
 + Level 5.2 Polearms
 - Level 2.0 Armour
 - Level 1.0 Dodging


You had 3 spell levels left.
You didn't know any spells.

Dungeon Overview and Level Annotations

Branches:
Dungeon (3/15)

Altars:
Gozag


Message History

You hit the rat but do no damage. The rat bites you but does no damage.
It was a potion of resistance.
You feel protected. The rat bites you but does no damage.
Unknown command.
It was a potion of brilliance.
You feel clever all of a sudden.
Xom thinks this is hilarious!
The rat misses you.
You closely miss the rat. The rat closely misses you.
You hit the rat but do no damage.
The rat goes berserk!
The rat bites you but does no damage.
You hit the rat.
You kill the rat!
You barely miss the adder. The adder barely misses you.
You closely miss the adder. The adder bites you.
* * * LOW HITPOINT WARNING * * *
You closely miss the adder. The adder bites you but does no damage.
You hit the adder but do no damage. The adder bites you.
You die...

......... .......
#....+ . #....+
..###.g..#
.........#
#......).#
#.......S##+#+####
#........#@.......
#.......gS........
#........#...%....
#(.......#........
#........#........
#........#........
#........#........
#####'####........
#.#######+###


You could see an adder and a hobgoblin.

Vanquished Creatures
  Terence (D:2)
  3 adders (D:2)
  An ooze (D:1)
  A dart slug (D:1)
  A leopard gecko (D:1)
  6 goblins
  5 hobgoblins
  6 bats
  2 frilled lizards (D:2)
  6 kobolds
  5 rats
37 creatures vanquished.

Notes
Turn   | Place    | Note
-------+----------+-------------------------------------------
     0 | D:1      | MDvedh the Human Chaos Knight began the quest for the Orb.
     0 | D:1      | Reached XP level 1. HP: 18/18 MP: 1/1
   202 | D:1      | Reached XP level 2. HP: 24/24 MP: 2/2
   249 | D:1      | XOM is BORED!
   249 | D:1      | XOM: noise
   405 | D:1      | XOM: harmless Summ miscast
   614 | D:1      | Reached skill level 4 in Polearms
   614 | D:1      | Reached XP level 3. HP: 28/29 MP: 3/3
   736 | D:2      | XOM: harmless Tmut miscast
   789 | D:2      | Found an opulent altar of Gozag.
  1009 | D:2      | Noticed Terence
  1013 | D:2      | Reached XP level 4. HP: 29/35 MP: 4/4
  1024 | D:2      | Killed Terence
  1024 | D:2      | Reached skill level 5 in Polearms
  1077 | D:2      | XOM: harmless Tloc miscast
  1265 | D:2      | XOM: harmless Fire miscast
  1485 | D:3      | Slain by an adder

Skill      XL: |  1  2  3  4 |
---------------+-------------+-----
Polearms       | 4 5 |  5.2
Fighting       | |  3.0
Armour         | |  2.0
Dodging        | |  1.0

Action                   |  1- 3 |  4- 6 || total
-------------------------+-------+-------++-------
Melee: Spear             |    75 |    63 ||   138
  Use: Potion            |       |     2 ||     2
 Stab: Petrified         |     3 |       ||     3
       Sleeping          |     2 |       ||     2
       Paralysed         |     1 |       ||     1
  Eat: Chunk             |       |     1 ||     1
Armor: Leather armour    |    18 |    16 ||    34
Dodge: Dodged            |    20 |    28 ||    48
